 Dungeon Crawl Stone Soup version 0.31.0-4-g52a2dc7128 (webtiles) character file.

Game seed: 10203034828418682391

669915 shadizar the Petrodigitator (level 27, -20/211 HPs)
             Began as a Djinni Conjurer on Jan 21, 2024.
             Was the Champion of Makhleb.
             Killed from afar by a quicksilver elemental (24 damage)
             ... with a bolt of dispelling energy
             ... on level 3 of the Iron City of Dis on Jan 22, 2024.
             The game lasted 03:36:51 (57243 turns).

shadizar the Petrodigitator (Djinni Conjurer)      Turns: 57243, Time: 03:36:52

Health: -20/211    AC: 23    Str:  6    XL:     27
Gold:   4800       EV: 12    Int: 45    God:    Makhleb [******] SH: 21 Dex: 18

rFire   + + .        R - staff "Kushuack" {rElec Int+3 Air}
rCold   + + +        Y - +5 kite shield {reflect}
rNeg    + + +        c - +9 ice dragon scales
rPois   ∞            Q - +2 helmet {SInv}
rElec   +            h - scarf {rC+ rF+}
rCorr   +            q - +0 pair of gloves of Nemop {rPois Regen+ Int+3}
SInv    +            (boots unavailable)
Will    ++++.        W - amulet "Kieheim" {Faith ^Drain rPois rN++ Int+2} Stlth
                     t - ring of the Sturgeon {rC+ rN+ rCorr Dex+3}
HPRegen 1.35/turn    u - ring "Noidauwk" {Will++ Int+6}
MPRegen 0.00/turn

%: reflection, faith, infuse magic (-21 HP)
@: flying, studying 4 skills, corroded
A: sickness immunity, fire resistance 2, cold vulnerability 1, float, innate
caster, HP casting, extra vitality 1
}: 5/15 runes: decaying, serpentine, slimy, silver, obsidian
a: Renounce Religion, Minor Destruction, Lesser Servant of Makhleb, Major
Destruction, Greater Servant of Makhleb


You were on level 3 of the Iron City of Dis.
You worshipped Makhleb.
Makhleb was exalted by your worship.
You visited 14 branches of the dungeon, and saw 62 of its levels.
You also visited: Sewer, Ossuary, Bailey, Gauntlet, Ice Cave and Wizlab.

You collected 9069 gold pieces.
You spent 4269 gold pieces at shops.

Inventory:

Hand Weapons
 I - the +13 sceptre of Asmodeus
   (You took it off Asmodeus on level 7 of Gehenna)

   Fire Summon: It may summon demons of flame and damnation when striking foes.
Armour
 c - +9 ice dragon scales (worn)
 h - a scarf of resistance (worn)
 q - the +0 pair of gloves of Nemop (worn) {rPois Regen+ Int+3}
   (You acquired it on level 5 of the Vaults)

   Int+3:     It affects your intelligence (+3).
   rPois:     It protects you from poison Regen+: It increases your rate of
   health regeneration.
 z - a +2 tower shield of protection
 J - the +18 shield of the Gong {Loud rN+ Will+ rCorr EV-5}
   (You found it on level 7 of Gehenna)

   Loud:      It is deafeningly noisy when blocking attacks.
   EV-5:      It affects your evasion (-5).
   rN+:       It protects you from negative energy.
   Will+:     It increases your willpower.
   rCorr:     It protects you from acid and corrosion.
 M - the +4 cloak of the Valley of Death {Rampage rF+ Slay+3 Stlth-}
   (You found it on level 5 of the Pits of Slime)

   Slay+3:    It affects your accuracy & damage with ranged weapons and melee
   (+3).
   rF+:       It protects you from fire.
   Rampage:   It bestows one free step when moving towards enemies.
   Stlth-:    It makes you less stealthy.
 Q - a +2 helmet of see invisible (worn)
 Y - a +5 kite shield of reflection (worn)
Magical Staves
 r - the staff "Jyunople" {rF+++ Str-3 Int+3 Dex+3 Conj}
   (You found it on level 5 of the Pits of Slime)

   [staff of conjuration]

   Base accuracy: +5 Base damage: 5 Base attack delay: 1.2 This weapon's minimum
   attack delay (0.6) is reached at skill level 12.
   Str-3:     It affects your strength (-3).
   Int+3:     It affects your intelligence (+3).
   Dex+3:     It affects your dexterity (+3).
   rF+++:     It renders you almost immune to fire.
   Conj:      It increases the power of your Conjurations spells.
   It falls into the 'Staves' category.
   It is a one-handed weapon.
 L - the staff of Husoho {rN+ Int+2 Stlth+ Necro Ice}
   (You found it on level 3 of the Depths)

   [staff of death]

   Base accuracy: +5 Base damage: 5 Base attack delay: 1.2 This weapon's minimum
   attack delay (0.6) is reached at skill level 12.
   Int+2:     It affects your intelligence (+2).
   rN+:       It protects you from negative energy.
   Stlth+:    It makes you more stealthy.
   Necro:     It increases the power of your Necromancy spells.
   Ice:       It increases the power of your Ice spells.
   It falls into the 'Staves' category.
   It is a one-handed weapon.
 R - the staff "Kushuack" (weapon) {rElec Int+3 Air}
   (You found it in a Gauntlet)

   [staff of air]

   Base accuracy: +5 Base damage: 5 Base attack delay: 1.2 This weapon's minimum
   attack delay (0.6) is reached at skill level 12.
   Int+3:     It affects your intelligence (+3).
   rElec:     It insulates you from electricity.
   Air:       It increases the power of your Air spells.
   It falls into the 'Staves' category.
   It is a one-handed weapon.
Jewellery
 d - the ring of Zin's Approval {^Drain Fly rF+ rC+}
   (You bought it in a shop on level 2 of the Orcish Mines)

   [ring of protection from cold]

   rF+:       It protects you from fire.
   rC+:       It protects you from cold.
   Fly:       It grants you flight.
   ^Drain:    It drains your maximum health when unequipped.
 t - the ring of the Sturgeon (left hand) {rC+ rN+ rCorr Dex+3}
   (You bought it in a shop on level 4 of the Depths)

   [ring of resist corrosion]

   Dex+3:     It affects your dexterity (+3).
   rC+:       It protects you from cold.
   rN+:       It protects you from negative energy.
   rCorr:     It protects you from acid and corrosion.
 u - the ring "Noidauwk" (right hand) {Will++ Int+6}
   (You bought it in a shop on level 4 of the Depths)

   [ring of intelligence]

   Int+6:     It affects your intelligence (+6).
   Will++:    It greatly increases your willpower.
 v - the ring "Ytedismo" {Wiz rPois}
   (You bought it in a shop on level 4 of the Depths)

   [ring of wizardry]

   Wiz:       It improves your spell success rate.
   rPois:     It protects you from poison
 y - the ring "Zoarhaew" {Fire rN++ Will- Int+2}
   (You found it on level 3 of the Elven Halls)

   [ring of fire]

   Fire:      It enhances your fire magic.
   Int+2:     It affects your intelligence (+2).
   rF+:       It protects you from fire.
   rC-:       It makes you vulnerable to cold.
   rN++:      It greatly protects you from negative energy.
   Will-:     It decreases your willpower.
 D - the amulet of Xom's Best Wishes {Acrobat rF++ rCorr Dex+3}
   (You found it on level 3 of the Elven Halls)

   [amulet of the acrobat]

   Acrobat:   It increases your evasion while moving and waiting.
   Dex+3:     It affects your dexterity (+3).
   rF++:      It greatly protects you from fire.
   rCorr:     It protects you from acid and corrosion.
 E - a ring of see invisible
 O - the amulet of the Air {Inacc Air Fly rElec RMsl}
   (You found it on level 5 of the Pits of Slime)

   [amulet of nothing]

   Inacc:     It reduces the accuracy of your attacks and spells.
   Air:       It enhances your air magic.
   rElec:     It insulates you from electricity.
   Fly:       It grants you flight.
   RMsl:      It protects you from missiles.
 P - a ring of positive energy
 W - the amulet "Kieheim" (around neck) {Faith ^Drain rPois rN++ Int+2}
   (You found it on level 1 of the Snake Pit)

   [amulet of faith]

   Faith:     It allows you to gain divine favour quickly.
   Int+2:     It affects your intelligence (+2).
   rPois:     It protects you from poison rN++: It greatly protects you from
   negative energy.
   ^Drain:    It drains your maximum health when unequipped.
 Z - the ring "Oxuak" {rCorr Int+6}
   (You found it on level 5 of the Pits of Slime)

   [ring of intelligence]

   Int+6:     It affects your intelligence (+6).
   rCorr:     It protects you from acid and corrosion.
Wands
 a - a wand of paralysis (79)
 i - a wand of digging (27)
 s - a wand of mindburst (58)
 C - a wand of acid (44)
 G - a wand of polymorph (27)
 K - a wand of flame (85)
 T - a wand of roots (43)
Scrolls
 f - a scroll of vulnerability
 k - 14 scrolls of teleportation
 o - 7 scrolls of revelation
 x - 6 scrolls of blinking
 B - a scroll of brand weapon
 F - a scroll of fear
 H - 3 scrolls of noise
 N - a scroll of immolation
Potions
 b - 3 potions of curing
 e - 2 potions of invisibility
 g - 3 potions of cancellation
 j - 9 potions of brilliance
 l - 8 potions of haste
 n - 2 potions of resistance
 p - 10 potions of enlightenment
 w - a potion of attraction
 S - 14 potions of heal wounds
Miscellaneous
 m - a lightning rod (4/4)
 A - the horn of Geryon


   Skills:
 + Level 22.1 Fighting
 + Level 19.8 Armour
 + Level 20.7 Dodging
 - Level 1.5 Stealth
 + Level 20.7 Shields
 - Level 26.0 Spellcasting
 - Level 26.0 Conjurations
 - Level 26.0 Hexes
 - Level 26.0 Summonings
 - Level 26.0 Necromancy
 - Level 26.0 Translocations
 - Level 26.0 Fire Magic
 - Level 26.0 Ice Magic
 - Level 26.0 Air Magic
 O Level 27 Earth Magic
 - Level 26.0 Alchemy


You knew the following spells:

 Your Spells              Type           Power      Damage    Failure   Level
a - Magic Dart            Conj           100%       1d8       0%          1
b - Searing Ray           Conj           100%       2d8       0%          2
c - Fulminant Prism       Conj/Alch      69%        3d27      0%          4
d - Iskenderun's Mystic   Conj/Tloc      100%       2d19      0%          4
e - Summon Small Mammal   Summ           100%       N/A       0%          1
f - Call Imp              Summ           100%       N/A       0%          2
g - Stone Arrow           Conj/Erth      100%       3d13      0%          3
h - Vhi's Electric Charg  Tloc/Air       100%       N/A       0%          4
i - Curse of Agony        Necr           100%       N/A       0%          5
j - Summon Mana Viper     Hex/Summ       100%       N/A       0%          5
k - Conjure Ball Lightni  Conj/Air       82%        3x3d31    0%          6
l - Plasma Beam           Fire/Air       82%        2x1d100   0%          6
m - Spellforged Servitor  Conj/Summ      69%        N/A       1%          7
n - Monstrous Menagerie   Summ           69%        N/A       1%          7
o - Lehudib's Crystal Sp  Conj/Erth      69%        10d16     1%          8
p - Polar Vortex          Ice            69%        12d9*     7%          9
q - Fire Storm            Conj/Fire      69%        8d17      7%          9
Your spell library was empty.

Dungeon Overview and Level Annotations

Branches:
Dungeon (15/15)            Temple (1/1) D:4            Lair (5/5) D:11
  Swamp (4/4) Lair:3        Snake (4/4) Lair:3        Slime (5/5) Lair:4
    Orc (2/2) D:12            Elf (3/3) Orc:2        Vaults (5/5) D:14
  Crypt (3/3) Vaults:3       Tomb (0/3) Crypt:3      Depths (4/4) D:15
   Hell (visited)             Dis (3/7) Hell            Geh (7/7) Hell
    Coc (0/7) Hell            Tar (0/7) Hell            Zot (0/5) Depths:4
  Sewer (visited)         Ossuary (visited)          Bailey (visited)
  IceCv (visited)          WizLab (visited)         Gauntlet (visited)

Altars:
Ashenzari
Cheibriados
Dithmenos
Elyvilon
Fedhas
Gozag
Hepliaklqana
Makhleb
Nemelex Xobeh
Okawaru
Qazlal
Ru
Trog
Uskayaw
Wu Jian
Xom
Yredelemnul
Zin
The Shining One
Jiyva
Lugonu

Shops:
D:6 (   D:8 [   D:11 *([!=   Orc:2 =:*[   Elf:1 (   Elf:2 *(*   Snake:3 *
Vaults:2 ?[:   Depths:1 :   Depths:3 *   Depths:4 :=:(

Portals:
Hell: Depths:1 Depths:2 Depths:3 Depths:4
Abyss: Depths:3
Pandemonium: Depths:2 Depths:4
Ziggurat: Depths:4
Trove: D:12 (give +3 shadow dragon scales)


Innate Abilities, Weirdness & Mutations

You are immune to sickness and miasma.
You are immune to poison.
Your flesh is very heat resistant. (rF++)
You are vulnerable to cold. (rC-)
You float through the air rather than walking.
You learn spells naturally, not from books.
Your magical power is your life essence.
You have superior vitality. (+4 MHP)


Message History

Unknown command.
Unknown command.
Unknown command.
Unknown command.
Unknown command.
Unknown command.
Casting: Iskenderun's Mystic Blast (safe; 0% risk of failure)
Confirm with . or Enter, or press ? or * to list all spells.
You erupt in a blast of force!
The mystic blast hits the Hell Sentinel!
The Hell Sentinel is heavily wounded.
The Hell Sentinel is knocked back by the mystic blast.
The mystic blast hits the quicksilver elemental!!
The quicksilver elemental is severely damaged.
* * * LOW HITPOINT WARNING * * *
The quicksilver elemental hits you!
* * * LOW HITPOINT WARNING * * *
You block the quicksilver elemental's attack.
Unknown command.
Unknown command.
Unknown command.
Unknown command.
Unknown command.
Casting: Iskenderun's Mystic Blast (safe; 0% risk of failure)
Confirm with . or Enter, or press ? or * to list all spells.
You erupt in a blast of force!
The mystic blast hits the quicksilver elemental!!
The quicksilver elemental is almost destroyed.
The quicksilver elemental is knocked back by the mystic blast.
* * * LOW HITPOINT WARNING * * *
The Hell Sentinel gestures at you. The iron shot hits you!!!
* * * LOW HITPOINT WARNING * * *
Unknown command.
Unknown command.
Unknown command.
Unknown command.
The quicksilver elemental breathes dispelling energy at you.
The bolt of dispelling energy hits you!!
You die...

###############
...............
...............
..........)....
.......@.......
...............
.....1.........
.......)..E....
...............
..^....).......
......^........
...............


You could see a Hell Sentinel and a quicksilver elemental (catching breath).

Vanquished Creatures
  Asmodeus (Geh:7)
  the Royal Jelly (Slime:5)
  Dissolution (Slime:5)
  the Serpent of Hell (Geh:7)
  A dread lich (Vaults:5)
  2 ancient liches
  Frederick (Crypt:3)
  Sojobo (Depths:3)
  Boris (twice) (Vaults:3 Depths:1)
  Parghit (Depths:4)
  Saint Roka (Vaults:4)
  the Lernaean hydra (Swamp:4)
  3 caustic shrikes (Dis:2)
  Geryon (Hell)
  4 golden dragons
  A bone dragon (Crypt:3)
  A mutant beast (WizLab)
  7 Brimstone Fiends
  A shard shrike zombie (Swamp:4)
  An iron giant (Dis:2)
  7 hellephants
  Jorgrun (D:15)
  4 tentacled monstrosities
  Zenata (Vaults:2)
  3 deep elf blademasters
  Asterion (Vaults:2)
  A Hell Sentinel (Dis:1)
  21 searing wretches
  5 liches
  19 acid blobs
  A quicksilver dragon (Vaults:5)
  3 deep elf master archers
  14 ancient champions
  4 sphinxes
  The ghost of petercordia the Brawler, an adept TrFi of Wu Jian (Snake:1)
  A thorn hunter (Swamp:4)
  6 storm dragons
  11 tengu reavers
  Aizul (Snake:3)
  4 shadow dragons
  13 frost giants
  13 rockslimes
  A nagaraja (Snake:4)
  22 fire giants
  3 revenants
  5 azure jellies
  13 deep elf sorcerers
  2 quicksilver elementals
  15 vault wardens
  24 balrugs
  3 reapers (Hell)
  6 iron dragons
  8 deep elf elementalists
  3 curse skulls
  3 draconian scorchers
  3 orc warlords
  A caustic shrike zombie (Crypt:2)
  6 ghouls
  A cacodemon (Hell)
  16 ironbound preservers
  8 stone giants
  15 quicksilver oozes
  16 ironbound thunderhulks
  2 formless jellyfish (Vaults:3)
  A draconian annihilator (Depths:4)
  A caustic shrike skeleton (Crypt:1)
  32 very ugly things
  11 vampire knights
  10 deep elf demonologists
  A yellow draconian (Depths:4)
  4 eleionomae
  16 dire elephants
  A lorocyproca (Hell)
  3 deep elf death magi (Elf:3)
  9 deep elf annihilators
  A black draconian (Depths:4)
  A red draconian (Depths:4)
  A minotaur (Gauntlet)
  15 war gargoyles
  3 bunyips
  7 spark wasps
  3 white draconians (Depths:4)
  2 blizzard demons (Hell)
  A green death (Depths:4)
  A merfolk impaler (Depths:1)
  4 eidola
  12 ettins
  5 crystal guardians
  8 fire dragons
  An entropy weaver (Vaults:3)
  2 spriggan zombies (Crypt:3)
  2 fenstrider witch zombies
  7 deep elf high priests
  5 jiangshi
  11 yaktaur captains
  4 rakshasas
  A kraken zombie (Swamp:4)
  35 vault guards
  4 caustic shrike simulacra (IceCv)
  18 salamander tyrants
  3 peacekeepers
  2 ghost crabs (Swamp:4)
  6 ogre magi
  12 great orbs of eyes
  12 ice dragons
  15 hydras
  3 hell beasts
  Erolcha (D:12)
  A radroach (WizLab)
  A spriggan air mage (Depths:4)
  7 ironbound frosthearts
  A satyr (shapeshifter) (Depths:4)
  6 alligators
  3 death knights
  34 dancing weapons
  3 boulder beetles
  20 centaur warriors
  13 anacondas
  24 stokers
  A deep troll shaman (Depths:2)
  10 tengu warriors
  38 hell hogs
  12 naga warriors
  19 two-headed ogres
  8 death yaks
  10 spriggan berserkers
  A titan zombie (Crypt:3)
  12 deep troll earth magi
  A bennu skeleton (Crypt:1)
  3 vampire magi (Crypt:1)
  3 orc high priests
  6 shock serpents
  20 naga sharpshooters
  3 occultists
  19 deep elf knights
  A storm dragon zombie (Crypt:3)
  15 hell knights
  2 crystal echidnas
  12 sun demons (Hell)
  A skyshark (Lair:2)
  8 soul eaters
  6 shadow wraiths
  6 salamander mystics
  6 iron trolls
  An orb spider (shapeshifter) (WizLab)
  29 skeletal warriors
  2 flayed ghosts
  A sea snake (Snake:2)
  11 swamp dragons
  2 anaconda zombies (Hell)
  3 spriggan druids
  10 arcanists
  41 deep trolls
  A glowing orange brain (shapeshifter) (WizLab)
  6 goliath frogs
  10 mana vipers
  5 bog bodies
  15 deep elf archers
  2 shadow demons (Depths:3)
  5 naga ritualists
  9 harpies
  4 glowing orange brains
  13 lindwurms
  3 orange crystal statues
  2 anaconda skeletons
  24 ironbound convokers
  12 phantasmal warriors
  4 orc sorcerers
  17 necromancers
  29 deep elf pyromancers
  An alligator zombie (Hell)
  A shining eye (shapeshifter) (Vaults:5)
  7 cyclopes
  4 shining eyes (Slime:5)
  51 ugly things
  12 orc knights
  42 salamanders
  36 deep elf zephyrmancers
  An iron dragon skeleton (Crypt:3)
  7 manticores
  3 will-o-the-wisps
  6 large abominations (WizLab)
  A moth of wrath (shapeshifter) (WizLab)
  Maurice (D:12)
  A moth of wrath (Snake:1)
  9 meliai (Depths:3)
  A meliai (shapeshifter) (Depths:1)
  11 rust devils
  48 black mambas
  10 elephants
  3 kobold blastminers
  12 naga magi
  2 human skeletons
  A torpor snail (shapeshifter) (Depths:3)
  2 ice statues (Hell)
  3 molten gargoyles (Hell)
  A black mamba (shapeshifter) (D:13)
  2 orange demons (Hell)
  11 vault sentinels
  6 guardian serpents
  8 smoke demons (Hell)
  Maggie (Lair:2)
  3 eyes of devastation
  A stone giant skeleton (Vaults:3)
  A gargoyle (D:10)
  11 cane toads
  2 alligator snapping turtle skeletons
  2 rime drakes
  14 hellions
  An unseen horror (D:12)
  7 kobold demonologists
  2 tengu conjurers
  7 tormentors
  An efreet (D:15)
  11 komodo dragons
  23 freezing wraiths
  A steelbarb worm zombie (Crypt:1)
  32 yaktaurs
  An iron giant simulacrum (Hell)
  3 red devils (Hell)
  A sea snake skeleton (Hell)
  2 ice devils (Hell)
  5 bloated husks
  A queen bee (shapeshifter) (D:14)
  9 tyrant leeches
  2 harpy zombies (Crypt:3)
  A queen bee (Depths:3)
  10 trolls
  2 hydra zombies (Hell)
  2 polar bears (shapeshifter)
  4 hydra skeletons
  4 polar bears
  13 hornets
  2 ettin zombies (Vaults:3)
  2 alligator simulacra
  8 dream sheep (Lair:5)
  A dream sheep (shapeshifter) (Depths:4)
  A fire dragon zombie (Crypt:3)
  10 blink frogs
  5 glass eyes
  A snapping turtle (shapeshifter) (WizLab)
  A stone giant simulacrum (Vaults:4)
  A satyr zombie (Crypt:2)
  84 slime creatures
  8 air elementals
  An ice dragon skeleton (Crypt:2)
  A shadow (D:11)
  5 spriggan skeletons (Swamp:4)
  A culicivora (shapeshifter) (D:15)
  4 vampires
  An ettin skeleton (Hell)
  55 yaks
  8 wraiths
  11 water elementals
  2 humans (D:14)
  22 spriggans
  4 fire elementals
  A warg (Orc:2)
  4 fire bats (Orc:2)
  A steam dragon (D:7)
  4 vampire mosquitoes (Swamp:3)
  5 iron golems
  2 basilisks (D:11)
  6 small abominations (WizLab)
  An elf skeleton (Vaults:3)
  41 nagas
  4 harpy simulacra (IceCv)
  15 swamp worms
  A skyshark zombie (Crypt:1)
  2 hydra simulacra (IceCv)
  A merfolk skeleton (Crypt:1)
  14 water moccasins
  6 swamp drakes (Swamp:4)
  37 orc warriors
  3 black bears (Lair:5)
  A glowing shapeshifter skeleton (Vaults:4)
  2 elephant zombies (D:8)
  4 ice beasts
  27 laughing skulls
  5 ettin simulacra (IceCv)
  2 sky beasts (D:7)
  6 centaurs
  26 ogres
  9 boggarts
  36 wolves
  A phantom (D:4)
  3 elf zombies
  5 kobold brigands
  A warg zombie (Crypt:1)
  2 gnoll sergeants
  5 scorpions
  26 bullfrogs
  5 necrophages
  A burial acolyte (Ossuary)
  2 lindwurm simulacra (IceCv)
  3 killer bees (D:9)
  3 howler monkeys
  An electric eel (Snake:2)
  5 centaur zombies
  5 lava snakes
  A bombardier beetle (D:3)
  4 human zombies
  28 orc priests
  A gnoll bouda (D:6)
  4 hounds
  17 jellies
  A sleepcap (D:6)
  4 iguanas
  15 orc wizards
  A scorpion zombie (D:8)
  5 hell rats
  A crocodile zombie (Ossuary)
  A naga zombie (Crypt:2)
  A deep dwarf skeleton (Crypt:2)
  An ogre zombie (D:8)
  A naga skeleton (Crypt:2)
  7 hound zombies
  3 mummies (Ossuary)
  2 howler monkey zombies (D:8)
  8 adders
  20 gnolls
  2 river rats (Sewer)
  2 white imps
  7 adder zombies
  2 ribbon worms (D:2)
  2 dart slugs
  80 orcs
  11 ball pythons
  9 endoplasms
  5 giant cockroaches
  2 gnoll zombies (Ossuary)
  17 goblins
  10 hobgoblins
  12 jackals
  36 kobolds
  4 quokkas
  3 ball python zombies (Ossuary)
  7 bats
  4 frilled lizards
  A gnoll skeleton (Crypt:1)
  2 jackal zombies (Ossuary)
  5 kobold zombies (Ossuary)
  An orc zombie (Ossuary)
  11 rats
  5 creeping infernos
  3 fire vortices (Geh:7)
  4 fulminant prisms
2668 creatures vanquished.

Vanquished Creatures (collateral kills)
  A hydra (Swamp:4)
  A river rat (Sewer)
  6 ball lightnings (Snake:2)
8 creatures vanquished.

Vanquished Creatures (others)
  A deep elf sorcerer (Elf:1)
  Louise (Snake:4)
  A dancing weapon (Elf:3)
  A naga sharpshooter (Snake:4)
  A deep elf zephyrmancer (Elf:1)
  A deep elf pyromancer (D:14)
  A naga (Snake:4)
  7 ball lightnings
  4 fire vortices (Geh:7)
  6 foxfires
  390 fulminant prisms
  4 tentacles (Swamp:4)
418 creatures vanquished.

Grand Total: 3094 creatures vanquished

Notes
Turn   | Place    | Note
-------+----------+-------------------------------------------
     0 | D:1      | shadizar the Djinni Conjurer began the quest for the Orb.
     0 | D:1      | shadizar set off with the following spells memorised: Magic
                  | Dart, Searing Ray, Fulminant Prism, Iskenderun's Mystic
                  | Blast.
     0 | D:1      | Reached XP level 1. HP: 15/15 MP: 0/0
   227 | D:1      | Reached XP level 2. HP: 21/22 MP: 0/0
   238 | D:1      | Reached skill level 1 in Fighting
   510 | D:1      | Reached XP level 3. HP: 25/28 MP: 0/0
   510 | D:1      | Learned a level 1 spell: Summon Small Mammal
  1122 | D:2      | Reached XP level 4. HP: 32/34 MP: 0/0
  1196 | D:2      | Reached skill level 4 in Earth Magic
  1632 | D:2      | Reached XP level 5. HP: 37/40 MP: 0/0
  1632 | D:2      | Learned a level 2 spell: Call Imp
  2105 | D:3      | Reached XP level 6. HP: 35/47 MP: 0/0
  2487 | D:4      | HP: 2/49 [orc/+0 flail (5)]
  2666 | D:4      | Reached skill level 5 in Fighting
  2674 | D:4      | Found a staircase to the Ecumenical Temple.
  2709 | D:4      | Found a basalt altar of Yredelemnul.
  2730 | D:4      | Reached XP level 7. HP: 39/54 MP: 0/0
  2730 | D:4      | Learned a level 3 spell: Stone Arrow
  2840 | D:4      | Found a glowing drain.
  2855 | Sewer    | Entered a sewer
  3440 | D:4      | Reached skill level 5 in Spellcasting
  3440 | D:4      | Reached skill level 5 in Conjurations
  3440 | D:4      | Reached skill level 5 in Hexes
  3440 | D:4      | Reached skill level 5 in Summonings
  3440 | D:4      | Reached skill level 5 in Necromancy
  3440 | D:4      | Reached skill level 5 in Translocations
  3440 | D:4      | Reached skill level 5 in Fire Magic
  3440 | D:4      | Reached skill level 5 in Ice Magic
  3440 | D:4      | Reached skill level 5 in Air Magic
  3440 | D:4      | Reached skill level 5 in Earth Magic
  3440 | D:4      | Reached skill level 5 in Alchemy
  3638 | Temple   | Entered the Ecumenical Temple
  3654 | Temple   | Became a worshipper of Makhleb the Destroyer
  3693 | D:5      | Entered Level 5 of the Dungeon
  3723 | D:5      | Reached XP level 8. HP: 56/62 MP: 0/0
  4275 | D:5      | Reached * piety under Makhleb
  4461 | D:6      | Found Onucs's Weapon Boutique.
  4501 | D:6      | Found an iron altar of Okawaru.
  4595 | D:6      | Reached skill level 6 in Earth Magic
  4637 | D:6      | Found a sand-covered staircase.
  4641 | D:6      | Reached XP level 9. HP: 58/70 MP: 0/0
  4641 | D:6      | Learned a level 4 spell: Vhi's Electric Charge
  4682 | Ossuary  | Entered an ossuary
  4852 | Ossuary  | Reached ** piety under Makhleb
  5144 | Ossuary  | Reached skill level 7 in Earth Magic
  5635 | D:7      | Found a shimmering altar of Xom.
  5640 | D:7      | Reached skill level 1 in Armour
  5659 | D:7      | Found a shadowy altar of Dithmenos.
  5796 | D:7      | Found a flagged portal.
  5882 | D:8      | Found Rowkeol's Armour Emporium.
  5919 | Bailey   | Entered a bailey
  6002 | Bailey   | Noticed an orc warlord
  6030 | Bailey   | Reached *** piety under Makhleb
  6107 | Bailey   | Noticed an orc knight
  6110 | Bailey   | Reached XP level 10. HP: 78/78 MP: 0/0
  6122 | Bailey   | Killed an orc knight
  6217 | Bailey   | Found a runed translucent gate.
  6217 | Bailey   | Found a runed translucent gate.
  6239 | Bailey   | Found a runed translucent gate.
  6247 | Bailey   | Noticed an orc knight
  6267 | Bailey   | Killed an orc knight
  6268 | Bailey   | Reached skill level 5 in Dodging
  6527 | Bailey   | Killed an orc warlord
  6874 | D:7      | Reached skill level 10 in Fighting
  6976 | D:7      | Found a glowing golden altar of the Shining One.
  7009 | D:7      | Reached skill level 8 in Earth Magic
  7040 | D:7      | Acquired 465 gold pieces
  7462 | D:8      | Reached **** piety under Makhleb
  7467 | D:8      | Reached skill level 1 in Shields
  7467 | D:8      | Reached XP level 11. HP: 60/85 MP: 0/0
  7467 | D:8      | Learned a level 5 spell: Curse of Agony
  7468 | D:8      | Reached skill level 5 in Armour
  7471 | D:8      | Found a basalt altar of Yredelemnul.
  7696 | D:8      | Found an opulent altar of Gozag.
  7735 | D:8      | Found a white marble altar of Elyvilon.
  8154 | D:8      | Found a blossoming altar of Fedhas.
  8278 | D:9      | Identified the +1 mace "Nowavues" {freeze, Will+ Str+3
                  | Int-5}
  8908 | D:9      | Found a stormy altar of Qazlal.
  9034 | D:10     | Entered Level 10 of the Dungeon
  9268 | D:10     | Reached ***** piety under Makhleb
  9663 | D:10     | Reached skill level 9 in Earth Magic
  9775 | D:10     | Found a sparkling altar of Nemelex Xobeh.
 10055 | D:11     | Found Ryanuap's Weapon Shoppe.
 10056 | D:11     | Noticed a two-headed ogre
 10060 | D:11     | Killed a two-headed ogre
 10234 | D:11     | Found Caurchef's Assorted Antiques.
 10245 | D:11     | Bought a glowing helmet for 217 gold pieces
 10259 | D:11     | Noticed a death yak
 10261 | D:11     | Noticed a cyclops
 10268 | D:11     | Noticed an elephant
 10269 | D:11     | Killed a death yak
 10270 | D:11     | Reached XP level 12. HP: 81/93 MP: 0/0
 10298 | D:11     | Reached skill level 5 in Shields
 10719 | D:11     | Found a staircase to the Lair.
 10792 | D:11     | Found Zelakl Hoddi's Distillery.
 10865 | D:11     | Found Posatohyj's Jewellery Emporium.
 10873 | D:11     | Bought an amulet of regeneration for 360 gold pieces
 10997 | D:11     | Found Hatrog's Antique Armour Shop.
 11039 | D:11     | Bought a pair of gloves for 121 gold pieces
 11120 | Lair:1   | Entered Level 1 of the Lair of Beasts
 12589 | Lair:2   | Reached XP level 13. HP: 98/99 MP: 0/0
 12589 | Lair:2   | Learned a level 5 spell: Summon Mana Viper
 12646 | Lair:2   | Noticed Maggie
 12660 | Lair:2   | Killed Maggie
 12916 | Lair:2   | Reached skill level 10 in Spellcasting
 12916 | Lair:2   | Reached skill level 10 in Conjurations
 12916 | Lair:2   | Reached skill level 10 in Hexes
 12916 | Lair:2   | Reached skill level 10 in Summonings
 12916 | Lair:2   | Reached skill level 10 in Necromancy
 12916 | Lair:2   | Reached skill level 10 in Translocations
 12916 | Lair:2   | Reached skill level 10 in Fire Magic
 12916 | Lair:2   | Reached skill level 10 in Ice Magic
 12916 | Lair:2   | Reached skill level 10 in Air Magic
 12916 | Lair:2   | Reached skill level 10 in Earth Magic
 12916 | Lair:2   | Reached skill level 10 in Alchemy
 13850 | Lair:3   | Found a staircase to the Swamp.
 14046 | Lair:3   | Found a staircase to the Snake Pit.
 14065 | Lair:3   | Reached ****** piety under Makhleb
 14513 | Lair:4   | Found a staircase to the Slime Pits.
 14513 | Lair:4   | Found a viscous altar of Jiyva.
 14574 | Lair:4   | Reached XP level 14. HP: 107/107 MP: 0/0
 14596 | Lair:4   | Found a transporter.
 14627 | Lair:4   | Found a transporter.
 15086 | Lair:5   | Entered Level 5 of the Lair of Beasts
 15107 | Lair:4   | Reached skill level 10 in Dodging
 15160 | Lair:5   | Reached skill level 11 in Earth Magic
 16509 | Lair:4   | Identified the ring "Jamp" {rN+ Str+4}
 16650 | D:12     | Noticed Erolcha
 16653 | D:12     | Killed Erolcha
 16657 | D:12     | Found a portal to a secret trove of treasure.
 16670 | D:12     | Reached XP level 15. HP: 113/113 MP: 0/0
 16670 | D:12     | Learned a level 6 spell: Conjure Ball Lightning
 16896 | D:12     | Noticed Maurice
 16903 | D:12     | Killed Maurice
 17021 | D:12     | Found a staircase to the Orcish Mines.
 17276 | D:12     | Found a corrupted altar of Lugonu.
 17520 | Orc:1    | Entered Level 1 of the Orcish Mines
 17601 | Orc:1    | Reached skill level 12 in Earth Magic
 17803 | Orc:2    | Entered Level 2 of the Orcish Mines
 17996 | Orc:2    | Reached skill level 10 in Armour
 18029 | Orc:2    | Reached skill level 10 in Shields
 18127 | Orc:2    | Found Peitwuhoig's Jewellery Boutique.
 18128 | Orc:2    | Found Sumn's Book Shoppe.
 18129 | Orc:2    | Found Ynaat's Assorted Antiques.
 18133 | Orc:2    | Found Paemor's Antique Armour Shoppe.
 18324 | Orc:2    | Found a staircase to the Elven Halls.
 18583 | Orc:2    | Bought a manual of Fighting for 960 gold pieces
 18818 | Orc:1    | Noticed an orc warlord
 18868 | Orc:1    | Killed an orc warlord
 19406 | D:13     | Reached XP level 16. HP: 64/122 MP: 0/0
 20049 | Snake:1  | Entered Level 1 of the Snake Pit
 20168 | Snake:1  | Found a transporter.
 20174 | Snake:1  | Noticed petercordia's ghost (adept TrFi)
 20244 | Snake:1  | Found a transporter.
 20248 | Snake:1  | Reached skill level 13 in Earth Magic
 21639 | Snake:2  | Reached skill level 15 in Fighting
 22263 | Snake:2  | Reached XP level 17. HP: 85/131 MP: 0/0
 22263 | Snake:2  | Learned a level 6 spell: Plasma Beam
 22740 | Snake:3  | Reached skill level 14 in Earth Magic
 22890 | Snake:3  | Found Buherph's Overcharged Wands.
 23370 | Snake:4  | Entered Level 4 of the Snake Pit
 23508 | Snake:4  | Identified the serpent talisman of Minor Irritation {+Blink
                  | rN+ Stlth-}
 23508 | Snake:4  | Noticed Aizul
 23531 | Snake:3  | Killed Aizul
 23625 | Snake:4  | Identified the +9 plate armour of Infinity {Str+4 Int+3}
 23627 | Snake:4  | Noticed Louise
 23710 | Snake:4  | Reached XP level 18. HP: 124/139 MP: 0/0
 23815 | Snake:4  | Killed Louise
 24466 | Snake:4  | Got a serpentine rune of Zot
 24812 | Snake:1  | Reached skill level 15 in Spellcasting
 24812 | Snake:1  | Reached skill level 15 in Conjurations
 24812 | Snake:1  | Reached skill level 15 in Hexes
 24812 | Snake:1  | Reached skill level 15 in Summonings
 24812 | Snake:1  | Reached skill level 15 in Necromancy
 24812 | Snake:1  | Reached skill level 15 in Translocations
 24812 | Snake:1  | Reached skill level 15 in Fire Magic
 24812 | Snake:1  | Reached skill level 15 in Ice Magic
 24812 | Snake:1  | Reached skill level 15 in Air Magic
 24812 | Snake:1  | Reached skill level 15 in Earth Magic
 24812 | Snake:1  | Reached skill level 15 in Alchemy
 24826 | Snake:1  | Killed petercordia's ghost
 24830 | Snake:1  | Identified the amulet "Kieheim" {Faith ^Drain rPois rN++
                  | Int+2}
 26338 | D:14     | Found a gate to the Vaults.
 26479 | D:15     | Entered Level 15 of the Dungeon
 26596 | D:15     | Found a gate leading to a gauntlet.
 26609 | Gauntlet | Entered a Gauntlet
 26609 | Gauntlet | Found a transporter.
 26609 | Gauntlet | Found a transporter.
 26614 | Gauntlet | Found a transporter.
 26616 | Gauntlet | Found a transporter.
 26626 | Gauntlet | Found a transporter.
 26628 | Gauntlet | Found a transporter.
 26638 | Gauntlet | Found a transporter.
 26649 | Gauntlet | Found a transporter.
 26667 | Gauntlet | Found a transporter.
 26671 | Gauntlet | Found a transporter.
 26681 | Gauntlet | Found a transporter.
 26685 | Gauntlet | Found a transporter.
 27001 | Gauntlet | Reached XP level 19. HP: 127/148 MP: 0/0
 27001 | Gauntlet | Learned a level 7 spell: Spellforged Servitor
 27034 | Gauntlet | Identified the +0 pair of gloves "Denaq" {Harm Stlth+}
 27058 | Gauntlet | Identified the +9 war axe of the Jumping Seeker {speed,
                  | Will+}
 27077 | Gauntlet | Identified the staff "Kushuack" {rElec Int+3 Air}
 27109 | D:15     | Noticed Jorgrun
 27125 | D:15     | Killed Jorgrun
 27293 | D:15     | Identified the +0 chain mail of Gozag's Envy {rF- rN+ SInv}
 27846 | D:15     | Found a staircase to the Depths.
 28122 | Swamp:1  | Entered Level 1 of the Swamp
 28326 | Swamp:1  | Acquired a staff of conjuration
 28551 | Swamp:2  | Reached skill level 16 in Earth Magic
 29158 | Swamp:3  | Identified the blade talisman "Igraguqe" {Will- MP+9 Str-5
                  | Slay+6}
 29495 | Swamp:4  | Entered Level 4 of the Swamp
 29577 | Swamp:4  | Found a glacial archway.
 29609 | Swamp:4  | Identified the +3 quarterstaff of a Labyrinth {distort,
                  | rElec Str+3}
 29638 | IceCv    | Entered an ice cave
 29814 | IceCv    | Reached skill level 15 in Dodging
 30106 | Swamp:4  | Reached XP level 20. HP: 156/158 MP: 0/0
 30296 | Swamp:4  | Noticed the 27-headed Lernaean hydra
 30303 | Swamp:4  | Killed the 27-headed Lernaean hydra
 30352 | Swamp:4  | Got a decaying rune of Zot
 31281 | Orc:2    | Bought a pair of runed gloves for 225 gold pieces
 31390 | Elf:1    | Entered Level 1 of the Elven Halls
 31393 | Elf:1    | Paralysed by an air elemental for 1 turns
 31439 | Elf:1    | Paralysed by an air elemental for 1 turns
 31496 | Elf:1    | Paralysed by an air elemental for 1 turns
 31556 | Elf:1    | Reached skill level 17 in Earth Magic
 31895 | Elf:1    | Found Ipimigru's Weapon Boutique.
 32545 | Elf:2    | Found Vygig's Assorted Antiques.
 32582 | Elf:2    | Found Jeickaph's Assorted Antiques.
 32611 | Elf:2    | Found Gulialie's Antique Weapon Emporium.
 32775 | Elf:2    | Found a runed translucent gate.
 32776 | Elf:2    | Found a runed translucent gate.
 32776 | Elf:2    | Found a runed translucent gate.
 32956 | Elf:2    | Reached XP level 21. HP: 53/166 MP: 0/0
 32956 | Elf:2    | Learned a level 7 spell: Monstrous Menagerie
 33429 | Elf:3    | Entered Level 3 of the Elven Halls
 33466 | Elf:3    | Paralysed by an air elemental for 1 turns
 33470 | Elf:3    | Paralysed by an air elemental for 1 turns
 33722 | Elf:3    | Identified the +8 chain mail of the Comet {Int+3}
 33728 | Elf:3    | Paralysed by an air elemental for 1 turns
 34531 | Elf:3    | Reached skill level 15 in Shields
 34794 | Elf:3    | Reached skill level 18 in Earth Magic
 34892 | Elf:3    | Identified the +0 glaive "Kitissot" {spect, Stlth+}
 35047 | Elf:3    | Found the +7 sceptre of Torment {pain, torment}
 35053 | Elf:3    | Identified the ring "Zoarhaew" {Fire rN++ Will- Int+2}
 35087 | Elf:3    | Identified the +4 plate armour of the True Pharaoh {Int+4}
 35175 | Elf:3    | Identified the amulet of Xom's Best Wishes {Acrobat rF++
                  | rCorr Dex+3}
 35604 | Vaults:1 | Entered Level 1 of the Vaults
 35750 | Orc:2    | Bought the ring of Zin's Approval {^Drain Fly rF+ rC+} for
                  | 532 gold pieces
 35960 | Vaults:1 | Identified the +3 glaive of Zuaxkopt {freeze, rPois rN+++
                  | Will- Int+2}
 35992 | Vaults:1 | Reached XP level 22. HP: 146/175 MP: 0/0
 37137 | Vaults:2 | Noticed Zenata
 37146 | Vaults:2 | Killed Zenata
 37158 | Vaults:2 | Found Wimeeh's Magic Scroll Shoppe.
 37591 | Vaults:2 | Found Noidaly's Antique Armour Shop.
 37630 | Vaults:2 | Found Feabent's Book Shop.
 37705 | Vaults:2 | Acquired a manual of Earth Magic
 37842 | Vaults:2 | Noticed Asterion
 37845 | Vaults:2 | Killed Asterion
 38228 | Vaults:3 | Identified the +1 arbalest of the Thirsty Seers {speed, rN+
                  | Str+4}
 38258 | Vaults:3 | Reached skill level 19 in Earth Magic
 38265 | Vaults:3 | Reached XP level 23. HP: 180/180 MP: 0/0
 38265 | Vaults:3 | Learned a level 8 spell: Lehudib's Crystal Spear
 38452 | Vaults:3 | Found a staircase to the Crypt.
 38519 | Vaults:3 | You are sucked into a shaft and drop 1 floor!
 38898 | Vaults:3 | Noticed Boris
 38903 | Vaults:3 | Killed Boris
 38986 | Vaults:3 | Identified the +0 scale mail of Cettal {+Inv}
 39567 | Vaults:3 | Reached skill level 20 in Earth Magic
 40183 | Vaults:4 | Identified the +10 glaive of Wijal {drain, rElec rN+ Str-4
                  | Int+5}
 40265 | Vaults:4 | Reached skill level 15 in Armour
 40312 | Vaults:4 | Noticed Saint Roka
 40319 | Vaults:4 | Killed Saint Roka
 40320 | Vaults:4 | Reached XP level 24. HP: 139/187 MP: 0/0
 40935 | Vaults:5 | Entered Level 5 of the Vaults
 41010 | Vaults:5 | Reached skill level 21 in Earth Magic
 41022 | Vaults:5 | Noticed a golden dragon
 41029 | Vaults:5 | Killed a golden dragon
 41193 | Vaults:5 | Noticed a golden dragon
 41197 | Vaults:5 | Killed a golden dragon
 41542 | Vaults:5 | Noticed a golden dragon
 41546 | Vaults:5 | Noticed a dread lich
 41551 | Vaults:5 | Killed a golden dragon
 41551 | Vaults:5 | Killed a dread lich
 41583 | Vaults:5 | Identified the +1 leather armour "Futot" {rElec rN+ Str+3
                  | Int-3}
 41609 | Vaults:5 | Identified the +8 lajatang of Frustration {pain, Str+2
                  | Dex+2}
 41647 | Vaults:5 | Reached XP level 25. HP: 193/193 MP: 0/0
 41647 | Vaults:5 | Learned a level 9 spell: Polar Vortex
 42019 | Vaults:5 | Got a silver rune of Zot
 42237 | Vaults:5 | Acquired the +0 pair of gloves of Nemop {rPois Regen+
                  | Int+3}
 42494 | Depths:1 | Entered Level 1 of the Depths
 42494 | Depths:1 | Found Haiciocw's Book Boutique.
 42496 | Depths:1 | Reached skill level 22 in Earth Magic
 42520 | Depths:1 | Found a gateway to Hell.
 42520 | Depths:1 | Noticed Boris
 42523 | Depths:1 | Killed Boris
 42525 | Depths:1 | You are sucked into a shaft and drop 1 floor!
 42552 | Depths:2 | Noticed a juggernaut
 42703 | Depths:2 | Found a magical portal.
 42715 | WizLab   | Entered Cigotuvi's Fleshworks
 42883 | WizLab   | Identified the serpent talisman of Ru's Benevolence {rElec}
 43053 | Depths:2 | Found a snail-covered altar of Cheibriados.
 43144 | Depths:2 | Found a one-way gate leading to the halls of Pandemonium.
 43958 | Depths:1 | Reached skill level 23 in Earth Magic
 44041 | Depths:1 | Reached XP level 26. HP: 194/201 MP: 0/0
 44110 | Depths:1 | Found the +11 plutonium sword {^Contam Stlth-}
 44732 | Depths:3 | Found a sparkling altar of Nemelex Xobeh.
 44877 | Depths:3 | Found Ickef's Neck Hole.
 44962 | Depths:3 | Noticed Sojobo
 44967 | Depths:3 | Killed Sojobo
 45059 | Depths:3 | Found a one-way gate to the infinite horrors of the Abyss.
 45175 | Depths:3 | Found a hide-covered altar of Uskayaw.
 45318 | Depths:3 | Identified the staff of Husoho {rN+ Int+2 Stlth+ Necro Ice}
 45894 | Slime:1  | Entered Level 1 of the Pits of Slime
 46746 | Slime:4  | Reached skill level 24 in Earth Magic
 46988 | Slime:5  | Entered Level 5 of the Pits of Slime
 47098 | Slime:5  | Noticed Dissolution
 47103 | Slime:5  | Killed Dissolution
 47104 | Slime:5  | Reached XP level 27. HP: 209/209 MP: 0/0
 47104 | Slime:5  | Learned a level 9 spell: Fire Storm
 47261 | Slime:5  | Noticed the Royal Jelly
 47277 | Slime:5  | Killed the Royal Jelly
 47278 | Slime:5  | Reached skill level 25 in Earth Magic
 47687 | Slime:5  | Found the amulet of the Air {Inacc Air Fly rElec RMsl}
 47766 | Slime:5  | Identified the ring "Oxuak" {rCorr Int+6}
 47778 | Slime:5  | Got a slimy rune of Zot
 47782 | Slime:5  | Identified the +4 cloak of the Valley of Death {Rampage rF+
                  | Slay+3 Stlth-}
 47804 | Slime:5  | Identified the +3 ring mail "Naabuth" {rF+}
 47839 | Slime:5  | Identified the staff "Jyunople" {rF+++ Str-3 Int+3 Dex+3
                  | Conj}
 48468 | Depths:4 | Entered Level 4 of the Depths
 48596 | Depths:4 | Found Ytigh's Antique Weapon Emporium.
 48654 | Depths:4 | Found a one-way gateway to a ziggurat.
 48800 | Depths:4 | Found a shimmering altar of Xom.
 48801 | Depths:4 | Found a shimmering altar of Xom.
 48801 | Depths:4 | Found a shimmering altar of Xom.
 48802 | Depths:4 | Found a shimmering altar of Xom.
 48914 | Depths:4 | Found a gate to the Realm of Zot.
 49015 | Depths:4 | Reached skill level 26 in Earth Magic
 49063 | Depths:4 | Found Rujyduoz's Book Shoppe.
 49063 | Depths:4 | Found Laziwep's Jewellery Boutique.
 49079 | Depths:4 | Found Galec's Book Shoppe.
 49089 | Depths:4 | Bought the ring of the Sturgeon {rC+ rN+ rCorr Dex+3} for
                  | 578 gold pieces
 49089 | Depths:4 | Bought the ring "Noidauwk" {Will++ Int+6} for 741 gold
                  | pieces
 49089 | Depths:4 | Bought the ring "Ytedismo" {Wiz rPois} for 535 gold pieces
 49184 | Depths:4 | Noticed Parghit
 49187 | Depths:4 | Killed Parghit
 49564 | Crypt:1  | Entered Level 1 of the Crypt
 50142 | Crypt:2  | Reached skill level 27 in Earth Magic
 50605 | Crypt:2  | Found a basalt altar of Yredelemnul.
 50770 | Crypt:3  | Entered Level 3 of the Crypt
 50950 | Crypt:3  | Identified the orb of the Bard {light, rC+}
 50950 | Crypt:3  | Noticed Frederick
 50959 | Crypt:3  | Killed Frederick
 51578 | Crypt:3  | Identified the +6 spear of Upheaval {freeze, +Blink rElec
                  | Str+2 Stlth+}
 51629 | Crypt:3  | Noticed an ancient lich
 51632 | Crypt:3  | Killed an ancient lich
 51736 | Crypt:3  | Found a staircase to the Tomb.
 52215 | Hell     | Entered the Vestibule of Hell
 52216 | Hell     | Noticed Geryon
 52235 | Hell     | Killed Geryon
 52419 | Hell     | Found a gateway to the freezing wastes of Cocytus.
 52549 | Hell     | Found a gateway to the Iron City of Dis.
 52674 | Hell     | Found a gateway to the ashen valley of Gehenna.
 52816 | Hell     | Found a gateway to the decaying netherworld of Tartarus.
 52889 | Geh:1    | Entered Level 1 of Gehenna
 53450 | Geh:2    | Noticed an ancient lich
 53455 | Geh:2    | Killed an ancient lich
 54771 | Geh:7    | Entered Level 7 of Gehenna
 55009 | Geh:7    | Noticed the Serpent of Hell
 55016 | Geh:7    | Killed the Serpent of Hell
 55034 | Geh:7    | Identified the +0 robe of Crawling {rN+}
 56019 | Geh:7    | Found the +13 sceptre of Asmodeus
 56019 | Geh:7    | Noticed Asmodeus
 56035 | Geh:7    | Killed Asmodeus
 56208 | Geh:7    | Got an obsidian rune of Zot
 56574 | Geh:7    | Found the +18 shield of the Gong {Loud rN+ Will+ rCorr
                  | EV-5}
 56810 | Dis:1    | Entered Level 1 of the Iron City of Dis
 57242 | Dis:3    | HP: 2/211 [Hell Sentinel/iron shot (39)]
 57243 | Dis:3    | Killed from afar by a quicksilver elemental

Illustrated notes

Levels and vault maps discovered:
D:1:      shiori_arrival_oz, layout_loops_ring, minmay_misc_feat_diagonals
D:2:      layout_basic, st_stairs_11
D:3:      layout_rooms
D:4:      layout_loops_ring, mainiacjoe_overflow_paths,
          minmay_temple_entry_ruins, gup_sewer_entry_pipe, grunt_ministairs_8
D:5:      layout_rooms
D:6:      layout_basic, mainiacjoe_overflow_small_starburst, serial_shops, shop,
          nicolae_ossuary_entry_ruins
D:7:      layout_rooms, lemuel_crystal_altar, mainiacjoe_overflow_tiny_flanked,
          tso_altar, enter_bailey_5
D:8:      layout_loops_corners, mainiacjoe_overflow_alcove_1, elyvilon_altar_5,
          fedhas_altar_fruit_tree, serial_shops, shop,
          roadster_capsule_ark_zombie
D:9:      layout_basic, nicolae_qazlal_eye_of_the_storm
D:10:     layout_loops_cross, led_sif_pool, kennysheep_mini_moat
D:11:     layout_loops_ring, david_lair_generic, serial_shops, shop,
          nicolae_shop_dealshenge, nicolae_shop_tiny_real_fake_doors, shop, shop
D:12:     layout_loops_ring, david_orc_2, nicolae_trove_entry_free_sample,
          marbit_kobold_abyssish, uniq_erolcha, uniq_maurice
D:13:     layout_cave_pools, nicolae_twisty_statue_hallways
D:14:     layout_irregular_city, grunt_vaults_entry_fortified, billiards_dpeg
D:15:     grunt_enter_depths_snipers, layout_irregular_city,
          gauntlet_entry_generic, bh_walls_and_bars, minmay_lindwurm_lava,
          uniq_jorgrun
Temple:   jpeg_temple_clearing
Lair:1:   layout_layer_cave, beast_lair_carwin_3
Lair:2:   layout_cave_pods, uniq_maggie
Lair:3:   layout_chaotic_city, swamp_mist_pool,
          nicolae_snake_entry_warm_welcome, beast_lair_carwin_9
Lair:4:   gammafunk_worm_tunnel, layout_regular_city,
          minmay_slime_entry_jelly_boxes, evilmike_ambush
          [evilmike_ambush_outer_basic, evilmike_ambush_inner_basic]
Lair:5:   minmay_lair_end_enchanted_forest, layout_gridlike, grunt_megastairs_3
Swamp:1:  layout_basic_swamp, infiniplex_staircase_pool_2,
          nicolae_swamp_long_stream
Swamp:2:  layout_falls_marsh, infiniplex_staircase_pool,
          nicolae_swamp_stair_fork, swamp_pool_5
Swamp:3:  layout_basic_swamp, evilmike_swamp_ruin_house_3, swamp_pool_3
Swamp:4:  swamp_old_school, layout_basic_swamp,
          portal_ice_cave_entry_ugly_swarm, swamp_pool_1_2,
          beargit_guarded_unrand_captain_cutlass
Snake:1:  layout_rooms, gammafunk_ghost_berserking_beasts,
          nicolae_snake_salamander_zone
Snake:2:  nicolae_snake_shooting_gallery, layout_onion,
          nicolae_snake_linked_coils
Snake:3:  layout_cave_town, nicolae_shop_overcharged_wands
Snake:4:  grunt_snake_rune_pools, layout_basic, uniq_louise, uniq_aizul
Slime:1:  cheibrodos_slime_lost_civilization_3, layout_caves
Slime:2:  layout_caves
Slime:3:  layout_caves
Slime:4:  layout_caves
Slime:5:  slime_pit_nicolae_royal_road_to_ruin, uniq_dissolution
Orc:1:    orc_temple, layout_caves
Orc:2:    st_orc_open, layout_diamond_mine, nicolae_orc_lava_tube
Elf:1:    nicolae_elf_arrival_aired_out, layout_gridlike, serial_shops, shop,
          minivault_28, grunt_ministairs_7
Elf:2:    nicolae_elf_blades_crystal_corner, layout_geoelf_octagon,
          serial_shops, nicolae_shop_tiny_glass, shop,
          nicolae_shop_just_a_little_nook
Elf:3:    minmay_elf_hall_spiked, layout_gridlike, nicolae_elf_blasts_and_bolts
Vaults:1: dpeg_vaults_monster_box, nicolae_vaults_back_hallway,
          vaults_room_hallway, grunt_vaults_hallway_long,
          nicolae_vaults_tetromino_T_1, hangedman_vaults_corner,
          nicolae_vaults_diagonal_hallway_7, vaults_room_hallway,
          nicolae_vaults_asterisk, ontoclasm_vaults_loading_screen,
          layout_vaults_omnigrid
Vaults:2: v_misc_13, nicolae_vaults_storage_room_statues, grunt_vaults_funnel,
          nicolae_vaults_storage_room_water, v_misc_5,
          nicolae_vaults_windows_and_doors_thing, nicolae_vaults_network_square,
          vaults_dpeg_spiral, v_misc_1, nicolae_vaults_security_offices_3,
          hangedman_vaults_capsules, layout_vaults_omnibox, serial_shops,
          nicolae_shop_mannequins, nicolae_shop_advertising_works
          [nicolae_subvault_shop_adworks], nicolae_shop_pleasant_corner_grove,
          uniq_asterion, uniq_zenata
Vaults:3: minmay_crypt_entry_vampire_xt, nicolae_vaults_storage_closets_1,
          nicolae_vaults_closet_pinwheel_6, nicolae_vaults_closet_pinwheel_3,
          nicolae_vaults_trapezoid_4, nicolae_vaults_trapezoid_2,
          nicolae_vaults_shipping_containers_4, nicolae_vaults_more_shelving_1,
          nicolae_vaults_theta, nicolae_vaults_closet_pinwheel_4,
          nicolae_vaults_yaktaur_gun_rack, nicolae_vaults_little_squares_3,
          layout_vaults_chaotic_city, uniq_boris
Vaults:4: nicolae_vaults_alarming, nicolae_vaults_weapon_check,
          nicolae_vaults_double_plus_3, vaults_mumra_minichess_inversion,
          vaults_standard_mumra_enter_the_diamond,
          nicolae_vaults_ellipses_ellipsis, nicolae_vaults_little_squares_6,
          nicolae_vaults_closet_pinwheel_1, nicolae_vaults_hallways_thing,
          v_misc_22, nicolae_vaults_apartment_2, vaults_room_pools,
          nicolae_vaults_trapezoid_4, hangedman_vaults_stretched_pinwheel,
          nicolae_vaults_statue_guard, layout_vaults_maze, uniq_saint_roka
Vaults:5: serial_shops
Crypt:1:  layout_catacombs
Crypt:2:  layout_rooms, basic_altar
Crypt:3:  cryptofortress_bobbens, uniq_frederick
Depths:1: layout_cave_pools, serial_shops, nicolae_shop_hallway_stairs,
          hell_entry, grunt_ministairs_9, minmay_misc_feat_secret_circle,
          kilobyte_rumbling_trees
Depths:2: minmay_quantized_circle, layout_gridlike,
          minmay_misc_feat_four_crosses, grunt_mini_vestibule, pan_entry,
          mu_enter_wizlab_6, slow_altar_2
Depths:3: regret_index_nemelex_summoning_deck_glade, layout_gridlike,
          hell_entry, nicolae_uskayaw_murder_on_the_dancefloor, abyss_entry,
          nicolae_shop_sticking_my_neck_out, uniq_sojobo
Depths:4: grunt_zot_entry_pinwheel, layout_gridville, enter_ziggurat_f,
          xom_redecorated, rand_demon_pan_entry_3, hell_entry, serial_shops,
          nicolae_shop_trees, minmay_shop_grove, grunt_megastairs_2,
          uniq_parghit
Hell
Dis:1:    layout_gridville
Dis:2:    layout_subdivisions
Dis:3:    layout_gridville
Geh:1:    layout_gehenna_pools_triple
Geh:2:    layout_gehenna_pools_basic
Geh:3:    layout_gehenna_pools_basic
Geh:4:    layout_gehenna_pools_basic
Geh:5:    layout_gehenna_pools_triple, tekkud_geh_sculpture_garden
Geh:6:    layout_gehenna_pools_triple, nicolae_geh_fiery_graves
          [nicolae_geh_single_fiery_grave, nicolae_geh_single_fiery_grave,
          nicolae_geh_single_fiery_grave, nicolae_geh_single_fiery_grave,
          nicolae_geh_single_fiery_grave, nicolae_geh_single_fiery_grave,
          nicolae_geh_single_fiery_grave, nicolae_geh_single_fiery_grave,
          nicolae_geh_single_fiery_grave]
Geh:7:    evilmike_geh

Skill      XL: |  1  2  3  4  5  6  7  8  9 10 11 12 13 14 15 16 17 18 19 20 21 22 23 24 25 26 27 |
---------------+----------------------------------------------------------------------------------+-----
Fighting       | 1 2 3 4 5 6 8 9 10 11 12 13 15 16 17 18 19 20 21 22 | 22.1
Spellcasting   | 4 5 6 7 8 9 10 11 12 13 14 15 16 17 18 19 20 21 22 26 | 26.0
Conjurations   | 4 5 6 7 8 9 10 11 12 13 14 15 16 17 18 19 20 21 22 26 | 26.0
Hexes          | 4 5 6 7 8 9 10 11 12 13 14 15 16 17 18 19 20 21 22 26 | 26.0
Summonings     | 4 5 6 7 8 9 10 11 12 13 14 15 16 17 18 19 20 21 22 26 | 26.0
Necromancy     | 4 5 6 7 8 9 10 11 12 13 14 15 16 17 18 19 20 21 22 26 | 26.0
Translocations | 4 5 6 7 8 9 10 11 12 13 14 15 16 17 18 19 20 21 22 26 | 26.0
Fire Magic     | 4 5 6 7 8 9 10 11 12 13 14 15 16 17 18 19 20 21 22 26 | 26.0
Ice Magic      | 4 5 6 7 8 9 10 11 12 13 14 15 16 17 18 19 20 21 22 26 | 26.0
Air Magic      | 4 5 6 7 8 9 10 11 12 13 14 15 16 17 18 19 20 21 22 26 | 26.0
Earth Magic    | 4 5 6 7 8 9 10 11 12 13 14 15 16 17 18 19 20 21 23 24 27 | 27.0
Alchemy        | 4 5 6 7 8 9 10 11 12 13 14 15 16 17 18 19 20 21 22 26 | 26.0
Armour         | 2 4 6 7 8 9 10 11 12 13 14 15 16 17 19 | 19.8
Dodging        | 3 6 7 8 9 10 11 12 13 14 15 16 17 18 19 20 | 20.7
Shields        | 1 4 7 8 9 10 11 12 13 14 15 16 17 18 19 20 | 20.7
Stealth        | |  1.5

Action                     |  1- 3 |  4- 6 |  7- 9 | 10-12 | 13-15 | 16-18 | 19-21 | 22-24 | 25-27 || total
---------------------------+-------+-------+-------+-------+-------+-------+-------+-------+-------++-------
  Melee: Unarmed           |       |     1 |     1 |       |       |       |       |       |       ||     2
         Spear             |       |       |     2 |     1 |       |       |       |       |       ||     3
         Staff             |       |       |       |     1 |    22 |     9 |     2 |       |       ||    34
   Cast: Magic Dart        |    72 |    92 |   134 |    80 |       |       |     1 |       |       ||   379
         Searing Ray       |       |    13 |     6 |       |       |       |       |       |       ||    19
         Stone Arrow       |       |       |   118 |    81 |   162 |   133 |    23 |     2 |     3 ||   522
         Summon Small Mamm |       |       |     3 |       |       |       |       |       |       ||     3
         Call Imp          |       |       |     2 |       |       |       |       |       |       ||     2
         Iskenderun's Myst |       |       |     6 |   116 |   324 |   405 |   184 |    63 |   236 ||  1334
         Fulminant Prism   |       |       |     5 |    58 |   143 |   131 |    51 |     4 |     2 ||   394
         Vhi's Electric Ch |       |       |       |     1 |       |       |       |       |       ||     1
         Summon Mana Viper |       |       |       |       |     1 |       |     1 |       |       ||     2
         Conjure Ball Ligh |       |       |       |       |       |     8 |       |       |     1 ||     9
         Plasma Beam       |       |       |       |       |       |     7 |   451 |   484 |  1008 ||  1950
         Spellforged Servi |       |       |       |       |       |       |     1 |       |     2 ||     3
         Lehudib's Crystal |       |       |       |       |       |       |       |       |   158 ||   158
         Polar Vortex      |       |       |       |       |       |       |       |       |     7 ||     7
         Fire Storm        |       |       |       |       |       |       |       |       |     2 ||     2
         Monstrous Menager |       |       |       |       |       |       |       |       |     2 ||     2
    Use: Scroll            |       |     7 |     7 |     5 |     8 |     2 |    17 |     5 |    11 ||    62
         Potion            |       |     1 |       |       |     1 |     3 |     2 |     1 |     4 ||    12
 Armour: Robe              |     4 |    30 |    35 |     5 |       |       |       |       |       ||    74
         Steam dragon scal |       |       |       |    40 |    53 |       |       |       |       ||    93
         Ring mail         |       |       |       |       |    28 |   293 |   130 |       |       ||   451
         Ice dragon scales |       |       |       |       |       |       |     3 |    57 |   248 ||   308
  Dodge: Dodged            |     9 |    22 |    36 |    39 |    70 |   133 |    48 |    31 |    76 ||   464
  Block: Buckler           |       |       |       |     6 |       |       |       |       |       ||     6
         Kite shield       |       |       |       |    20 |    93 |   200 |    48 |    69 |   145 ||   575
         Reflection        |       |       |       |       |       |       |    11 |    29 |    16 ||    56
